 Dungeon Crawl Stone Soup version 0.29.1-15-g9cfb28693d (webtiles) character file.

Game seed: 10817221602514726263

188 asdfasdf the Chopper (level 5, -2/47 HPs)
             Began as a Hill Orc Fighter on Apr 29, 2023.
             Slain by an orc warrior
             ... wielding a +0 mace
              (5 damage)
             ... on level 4 of the Dungeon.
             The game lasted 00:06:20 (3148 turns).

asdfasdf the Chopper (Hill Orc Fighter)             Turns: 3148, Time: 00:06:21

Health: -2/47      AC:  9    Str: 23    XL:     5   Next: 67%
Magic:  5/5        EV: 10    Int: 14    God:
Gold:   182        SH:  4    Dex: 10    Spells: 4/4 levels left

rFire   . . .      SeeInvis .   i - +2 mace (holy)
rCold   x . .      Faith    .   c - +0 buckler
rNeg    . . .      Spirit   .   w - +4 ring mail of the Poles {rElec rC- Str+2 Int+6}
rPois   .          Reflect  .   (no helmet)
rElec   +          Harm     .   (no cloak)
rCorr   .          Rampage  .   (no gloves)
Will    .....                   (no boots)
Stlth   ..........              u - amulet of the acrobat
HPRegen 0.15/turn               (no ring)
MPRegen 0.09/turn               (no ring)

@: no status effects
A: no striking features
a: no special abilities


You were on level 4 of the Dungeon.
You visited 1 branch of the dungeon, and saw 4 of its levels.

You collected 182 gold pieces.

Inventory:

Hand Weapons
 a - a +0 war axe
 i - a +2 mace of holy wrath (weapon)
Armour
 c - a +0 buckler (worn)
 r - the +1 robe of Iritist {*Slow rN+ rCorr Dex+6}
   (You found it on level 2 of the Dungeon)

   Dex:       It affects your dexterity (+6).
   rN:        It protects you from negative energy.
   rCorr:     It protects you from acid and corrosion.
   *Slow:     It may slow you when you take damage.
 w - the +4 ring mail of the Poles (worn) {rElec rC- Str+2 Int+6}
   (You found it on level 3 of the Dungeon)

   Str:       It affects your strength (+2).
   Int:       It affects your intelligence (+6).
   rC:        It makes you vulnerable to cold.
   rElec:     It insulates you from electricity.
Jewellery
 e - a ring of fire
 f - a ring of protection from cold
 j - a ring of protection from fire
 u - an amulet of the acrobat (around neck)
Scrolls
 k - a scroll of teleportation {unknown}
 l - 2 scrolls of identify
 n - a scroll of blinking {unknown}
 p - 2 scrolls of immolation {unknown}
 q - a scroll of butterflies {unknown}
 s - a scroll of enchant weapon {unknown}
 t - a scroll of brand weapon {unknown}
 v - 2 scrolls of vulnerability {unknown}
Potions
 d - 2 potions of might
 g - a potion of curing
 h - a potion of cancellation {unknown}
 o - a potion of haste


   Skills:
 + Level 4.5 Fighting
 + Level 5.5(5.6) Axes
 + Level 4.0 Armour
 + Level 1.0 Dodging
 + Level 0.1 Stealth
 + Level 3.6 Shields


You had 4 spell levels left.
You didn't know any spells.
Your spell library contained the following spells:

 Spells                   Type           Power      Damage    Failure   Level
 Ensorcelled Hibernation  Hex/Ice        0%         N/A       65%         2
 Passwall                 Tmut/Erth      0%         N/A       65%         2
 Ozocubu's Armour         Ice            0%         N/A       87%         3
 Swiftness                Air            0%         N/A       87%         3
 Ozocubu's Refrigeration  Ice            0%         4d7       100%        7


Dungeon Overview and Level Annotations

Branches:
Dungeon (4/15)
 Temple: D:4-7

Altars:
Gozag
Kikubaaqudgha

Shops:
D:4 (


Message History

The orc warrior hits you with a +0 mace!
You hit the orc warrior but do no damage.
The orc warrior is heavily wounded.
Something hits you but does no damage.
The orc warrior hits you with a +0 mace!
Something hits you.
You sock the orc warrior!
The orc warrior is almost dead.
The orc warrior closely misses you. Something hits you but does no damage.
The orc warrior hits you with a +0 mace!
* * * LOW HITPOINT WARNING * * *
You closely miss the orc warrior.
The orc warrior is almost dead.
You hear some strange, mumbled words.
Something tries to affect you, but you resist.
The orc warrior hits you with a +0 mace.
* * * LOW HITPOINT WARNING * * *
You feel much better. Something hits you but does no damage.
The orc warrior hits you with a +0 mace!
You barely miss the orc warrior.
The orc warrior is almost dead.
You block something's attack. The orc warrior barely misses you.
You barely miss the orc warrior.
The orc warrior is almost dead.
Something hits you but does no damage.
The orc warrior hits you with a +0 mace!
* * * LOW HITPOINT WARNING * * *
You hear some strange, mumbled words.
Something tries to affect you, but you resist.
Okay, then.
You closely miss the orc warrior.
The orc warrior is almost dead.
The orc warrior hits you with a +0 mace.
* * * LOW HITPOINT WARNING * * *
You block something's attack. The orc warrior closely misses you.
You closely miss the orc warrior.
The orc warrior is almost dead.
Something hits you but does no damage.
The orc warrior hits you with a +0 mace.
You die...

#.##..........
.............
!∩..........
...........
..........# #
...)......#.####
...............#
))....o@.# ...
......#{<#.....
..... #.........
....o..........#
..#...##.....###
# ##.. #......#
## #..#....#
.........
.........


You could see an orc warrior.

Vanquished Creatures
  2 orc priests (D:3)
  An orc wizard (D:3)
  4 adders
  3 worms
  3 dart slugs
  3 orcs
  2 ball pythons
  6 endoplasms
  A giant cockroach (D:1)
  3 hobgoblins
  5 jackals
  A quokka (D:2)
  4 bats
  2 frilled lizards
  3 goblins
  5 kobolds
  6 rats
54 creatures vanquished.

Notes
Turn   | Place    | Note
-------+----------+-------------------------------------------
     0 | D:1      | asdfasdf the Hill Orc Fighter began the quest for the Orb.
     0 | D:1      | Reached XP level 1. HP: 19/19 MP: 1/1
   278 | D:1      | Reached skill level 3 in Axes
   320 | D:1      | Reached XP level 2. HP: 21/27 MP: 2/2
   954 | D:2      | Identified the +1 robe of Iritist {*Slow rN+ rCorr Dex+6}
  1013 | D:2      | Reached XP level 3. HP: 32/33 MP: 3/3
  1038 | D:2      | Found a faded altar of an unknown god.
  2278 | D:3      | Reached XP level 4. HP: 40/40 MP: 4/4
  2424 | D:3      | Reached skill level 4 in Axes
  2437 | D:3      | Reached skill level 5 in Axes
  2437 | D:3      | Reached XP level 5. HP: 17/46 MP: 5/5
  2659 | D:3      | Found an ancient bone altar of Kikubaaqudgha.
  2659 | D:3      | Found an opulent altar of Gozag.
  2825 | D:3      | Identified the +4 ring mail of the Poles {rElec rC- Str+2
                  | Int+6}
  2918 | D:3      | Reached skill level 1 in Dodging
  3127 | D:4      | Found Habum's Antique Weapon Shoppe.
  3128 | D:4      | Noticed an orc warrior
  3148 | D:4      | Slain by an orc warrior

Illustrated notes

Levels and vault maps discovered:
D:1:      minmay_arrival_glassed_features, layout_basic
D:2:      minmay_door_path, layout_basic, chequers_ecumenical_altar_simple_redux
D:3:      layout_basic, nicolae_overflow_two_pavilions, uniq_crazy_yiuf_cottage
D:4:      layout_cave_pools, minmay_temple_entry_statues_fountains,
          serial_shops, shop

Skill      XL: |  1  2  3  4  5 |
---------------+----------------+-----
Axes           | 3 5 |  5.5
Fighting       | 4 |  4.5
Armour         | 4 |  4.0
Dodging        | 1 |  1.0
Stealth        | |  0.1
Shields        | |  3.6

Action                   |  1- 3 |  4- 6 || total
-------------------------+-------+-------++-------
Melee: War axe           |    74 |    29 ||   103
       Mace              |       |    30 ||    30
  Use: Potion            |     6 |     1 ||     7
       Scroll            |       |     1 ||     1
Armor: Scale mail        |    38 |       ||    38
       Robe              |     3 |     5 ||     8
       Ring mail         |       |    14 ||    14
Dodge: Dodged            |    50 |    56 ||   106
Block: Buckler           |    18 |    14 ||    32
